 Dungeon Crawl Stone Soup version 0.31.0-9-g3a7656b989 (webtiles) character file.

Game seed: 16441958141935874787

420 qw the Ducker (level 6, 0/30 HPs)
             Began as a Spriggan Hunter on Feb 3, 2024.
             Succumbed to a goblin's poison
             ... on level 3 of the Dungeon.
             The game lasted 00:00:41 (1649 turns).

qw the Ducker (Spriggan Hunter)                     Turns: 1649, Time: 00:00:42

Health: 0/30       AC:  2    Str:  5    XL:     6   Next: 62%
Magic:  7/7        EV: 27    Int: 16    God:
Gold:   111        SH:  5    Dex: 33    Spells: 5/5 levels left

rFire   . . .        h - +0 sling "Zeymuy" {elec, *Corrode *Slow rElec Will++ Dex+9}
rCold   . . .        (no shield)
rNeg    + . .        c - +0 robe
rPois   .            (helmet restricted)
rElec   +            (no cloak)
rCorr   .            (gloves unavailable)
SInv    +            (boots unavailable)
Will    ++++.        b - amulet of reflection
Stlth   +++          d - ring of the Tempest {rN+ Will+ Str-2 Int+6 Dex+3}
HPRegen 0.25/turn    (no ring)
MPRegen 0.10/turn

%: corrode self (3%), slow self (1%), reflection
@: lethally poisoned (0 -> -3), very quick
A: very small, no large weapons, unfitting armour, see invisible, speed 3
a: no special abilities


You were on level 3 of the Dungeon.
You visited 1 branch of the dungeon, and saw 3 of its levels.

You collected 111 gold pieces.


Innate Abilities, Weirdness & Mutations

You are very small and have problems with some larger weapons.
You are too small for most types of armour.
You have supernaturally acute eyesight. (SInv)
You cover ground extremely quickly. (Speed+++)


   Skills:
 + Level 1.7 Fighting
 - Level 6.1 Ranged Weapons
 - Level 7.1 Dodging
 - Level 1.5 Stealth


You had 5 spell levels left.
You didn't know any spells.
Your spell library was empty.

Inventory:

Hand Weapons
 h - the +0 sling "Zeymuy" (weapon) {elec, *Corrode *Slow rElec Will++ Dex+9}
   (You found it on level 2 of the Dungeon)

   Dex+9:     It affects your dexterity (+9).
   rElec:     It insulates you from electricity.
   Will++:    It greatly increases your willpower.
   *Corrode:  It may corrode you when you take damage.
   *Slow:     It may slow you when you take damage.
Armour
 c - a +0 robe (worn)
Jewellery
 b - an amulet of reflection (around neck)
 d - the ring of the Tempest (left hand) {rN+ Will+ Str-2 Int+6 Dex+3}
   (You acquired it on level 2 of the Dungeon)

   [ring of positive energy]

   Str-2:     It affects your strength (-2).
   Int+6:     It affects your intelligence (+6).
   Dex+3:     It affects your dexterity (+3).
   rN+:       It protects you from negative energy.
   Will+:     It increases your willpower.
Scrolls
 g - a scroll of identify

Dungeon Overview and Level Annotations

Branches:
Dungeon (3/15)

Altars:
Vehumet
Yredelemnul
Zin

Shops:
D:1 *   D:3 [


Message History

The adder closely misses you.
You shoot a sling bullet. The sling bullet hits the adder.
The adder is almost dead.
You feel very sick. The adder bites you. The goblin completely misses you.
You shoot a sling bullet.
The sling bullet hits the adder but does no damage.
The adder is almost dead.
You feel sick. The adder completely misses you.
The goblin hits you but does no damage.
You are lethally poisoned!
You block the adder's attack.
You shoot a sling bullet. The sling bullet hits the adder.
You kill the adder!
You feel very sick. The goblin barely misses you.
You shoot a sling bullet.
The sling bullet closely misses the hobgoblin.
You feel very sick. You block the hobgoblin's attack.
The goblin completely misses you. The goblin barely misses you.
The hobgoblin misses you.
1645 ||| READING scroll of teleportation.
As you read the scroll of teleportation, it crumbles to dust.
You feel strangely unstable.
You feel sick. The goblin completely misses you.
The hobgoblin completely misses you.
You shoot a sling bullet.
The sling bullet hits the hobgoblin but does no damage.
You feel sick. The hobgoblin misses you. The goblin closely misses you.
You shoot a sling bullet.
The sling bullet closely misses the hobgoblin.
You feel sick. The hobgoblin misses you. The goblin barely misses you.
You shoot a sling bullet.
The sling bullet hits the hobgoblin but does no damage.
You feel sick. You block the goblin's attack.
The hobgoblin completely misses you.
You shoot a sling bullet. The sling bullet hits the hobgoblin.
The hobgoblin is moderately wounded.
Your surroundings suddenly seem different.
You die...

#.# ..#
# #.#
### #.#
#.# ..#
## ###
..
####.#
###....#
#..@...#
#.#....#
# #....#
##+#.#
.# . #


There were no monsters in sight!

Vanquished Creatures
  Sigmund (D:3)
  An ogre (D:2)
  Natasha (D:3)
  Ijyb (D:3)
  Robin (D:3)
  7 adders
  A dart slug (D:1)
  7 bats
  3 endoplasms
  2 giant cockroaches
  9 goblins
  10 hobgoblins
  9 jackals
  2 quokkas (D:2)
  2 ball pythons
  4 frilled lizards
  5 kobolds
  2 rats
68 creatures vanquished.

Notes
Turn   | Place    | Note
-------+----------+-------------------------------------------
     0 | D:1      | qw the Spriggan Hunter began the quest for the Orb.
     0 | D:1      | Reached XP level 1. HP: 10/10 MP: 2/2
     0 | D:1      | 0 ||| qw: Version: 0.3-a-155-g5e7d8dd
     0 | D:1      | 0 ||| qw: Game counter: 3008
     0 | D:1      | 0 ||| qw: Melee chars always use a shield: true
     0 | D:1      | 0 ||| qw: God list: Okawaru
     0 | D:1      | 0 ||| qw: Allow faded altars: false
     0 | D:1      | 0 ||| qw: Do Orc after clearing Dungeon:15 true
     0 | D:1      | 0 ||| qw: Do second Lair branch before Depths: true
     0 | D:1      | 0 ||| qw: Lair rune preference: random
     0 | D:1      | 0 ||| qw: Goals: Normal
     0 | D:1      | 0 ||| PLANNING D:1-11
    38 | D:1      | Reached skill level 3 in Dodging
    45 | D:1      | Found Usaot's Assorted Antiques.
    60 | D:1      | 60 ||| SHOPLISTING embroidered cloak (210 gold, have 0).
    60 | D:1      | 60 ||| SHOPLISTING scroll labelled BAUNTAMICI (28 gold,
                  | have 0).
    60 | D:1      | 60 ||| SHOPLISTING scroll labelled GURURU SUONU (28 gold,
                  | have 0).
    60 | D:1      | 60 ||| SHOPLISTING scroll labelled HINUSTRE NIOLUO (28
                  | gold, have 0).
    60 | D:1      | 60 ||| SHOPLISTING sedimented silvery potion (25 gold, have
                  | 0).
    60 | D:1      | 60 ||| SHOPLISTING shiny wooden wand (112 gold, have 0).
   125 | D:1      | 125 ||| RETREEEEATING.
   131 | D:1      | Reached XP level 2. HP: 14/14 MP: 3/3
   134 | D:1      | Reached skill level 4 in Dodging
   226 | D:1      | You fall into a shaft and drop 1 floor!
   263 | D:2      | Reached XP level 3. HP: 12/18 MP: 4/4
   457 | D:2      | 457 ||| READING scroll labelled HEYL NOTOOTUMO.
   458 | D:2      | 458 ||| READING 2 scrolls labelled BURCHA FOHYAS.
   463 | D:2      | 463 ||| READING 3 scrolls labelled HINUSTRE NIOLUO.
   463 | D:2      | 463 ||| IDENTIFYING smoky inky potion
   464 | D:2      | 464 ||| READING 2 scrolls of identify.
   464 | D:2      | 464 ||| IDENTIFYING scroll labelled UCRUTADUUWK
   464 | D:2      | Identified a scroll of acquirement
   465 | D:2      | 465 ||| READING scroll of acquirement.
   465 | D:2      | 465 ||| ACQUIRING ring of the Tempest {rN+ Will+ Str-2
                  | Int+6 Dex+3}
   465 | D:2      | Acquired the ring of the Tempest {rN+ Will+ Str-2 Int+6
                  | Dex+3}
   467 | D:2      | 467 ||| UPGRADING to ring of the Tempest {rN+ Will+ Str-2
                  | Int+6 Dex+3}.
   468 | D:2      | 468 ||| DROPPING scroll of butterflies.
   469 | D:2      | 469 ||| Stepping randomly (stuck).
   470 | D:2      | 470 ||| Stepping randomly (stuck).
   471 | D:2      | 471 ||| Stepping randomly (stuck).
   472 | D:2      | 472 ||| Stepping randomly (stuck).
   473 | D:2      | 473 ||| Stepping randomly (stuck).
   474 | D:2      | 474 ||| Stepping randomly (stuck).
   475 | D:2      | 475 ||| Stepping randomly (stuck).
   476 | D:2      | 476 ||| Stepping randomly (stuck).
   953 | D:1      | 953 ||| UPGRADING to amulet of reflection.
   998 | D:2      | Reached XP level 4. HP: 22/22 MP: 5/5
  1078 | D:2      | Identified the +0 sling "Zeymuy" {elec, *Corrode *Slow
                  | rElec Will++ Dex+9}
  1080 | D:2      | 1080 ||| SWAPPING to +0 sling "Zeymuy" {elec, *Corrode
                  | *Slow rElec Will++ Dex+9}.
  1081 | D:2      | 1081 ||| DROPPING +0 shortbow.
  1128 | D:2      | Reached skill level 5 in Dodging
  1214 | D:2      | Noticed an ogre
  1215 | D:2      | 1215 ||| DRINKING potion of haste.
  1220 | D:2      | Killed an ogre
  1221 | D:2      | Reached skill level 6 in Dodging
  1221 | D:2      | Reached XP level 5. HP: 25/25 MP: 6/6
  1380 | D:2      | 1380 ||| READING 2 scrolls of identify.
  1380 | D:2      | 1380 ||| IDENTIFYING scroll labelled ANEHOU RAUWAX
  1381 | D:2      | 1381 ||| DROPPING scroll of poison.
  1425 | D:3      | Noticed Sigmund
  1427 | D:3      | 1427 ||| FLEEEEING.
  1436 | D:3      | Killed Sigmund
  1437 | D:3      | Reached skill level 6 in Ranged Weapons
  1437 | D:3      | Reached XP level 6. HP: 20/30 MP: 7/7
  1499 | D:3      | Found a radiant altar of Vehumet.
  1502 | D:3      | Found a basalt altar of Yredelemnul.
  1506 | D:3      | Found a glowing silver altar of Zin.
  1532 | D:3      | Found Ahoobbos's Armour Emporium.
  1592 | D:3      | Noticed Natasha
  1614 | D:3      | Killed Natasha
  1620 | D:3      | Noticed Robin
  1622 | D:3      | Noticed Ijyb
  1625 | D:3      | Killed Robin
  1635 | D:3      | Killed Ijyb
  1636 | D:3      | Reached skill level 7 in Dodging
  1644 | D:3      | HP: 7/30 [poisoned by a goblin]
  1645 | D:3      | 1645 ||| READING scroll of teleportation.
  1646 | D:3      | HP: 3/30 [poisoned by a goblin]
  1647 | D:3      | HP: 1/30 [poisoned by a goblin]
  1649 | D:3      | Succumbed to a goblin's poison

Levels and vault maps discovered:
D:1:      amcnicky_arrival_gap_in_the_tavern_cellar, layout_basic, serial_shops,
          shop, nicolae_figureground_sparkle
D:2:      layout_loops_cross, reono_crystal_passage
D:3:      layout_basic, mainiacjoe_overflow_24_doors,
          grunt_temple_overflow_diamond, nicolae_ecumenical_oubliette,
          serial_shops, shop, minivault_26, nicolae_goblin_pals, uniq_sigmund,
          uniq_natasha, uniq_crazy_yiuf_cottage

Skill      XL: |  1  2  3  4  5  6 |
---------------+-------------------+-----
Dodging        | 3 4 6 7 |  7.1
Ranged Weapons | 6 |  6.1
Fighting       | |  1.7
Stealth        | |  1.5

Action                     |  1- 3 |  4- 6 || total
---------------------------+-------+-------++-------
   Fire: Shortbow          |   124 |    14 ||   138
         Sling             |       |    73 ||    73
    Use: Scroll            |     5 |     2 ||     7
         Potion            |       |     1 ||     1
 Armour: Robe              |    12 |    12 ||    24
  Dodge: Dodged            |    33 |    66 ||    99
  Block: Other             |       |    14 ||    14

Table legend:
 A = Non-vault XP
 B = Vault XP
 C = Vault XP percentage of total XP
 D = Non-vault monster count
 E = Vault monster count
 F = Vault count percentage of total count
                 A         B        C        D         E       F
            +---------+---------+-------+---------+---------+-------
      Total |     292 |     308 |  51.3 |      60 |       8 |  11.8
            +---------+---------+-------+---------+---------+-------
        D:1 |      50 |       0 |   0.0 |      30 |       0 |   0.0
        D:2 |     193 |       0 |   0.0 |      21 |       0 |   0.0
        D:3 |      49 |     308 |  86.3 |       9 |       8 |  47.1
            +---------+---------+-------+---------+---------+-------
